 Dungeon Crawl Stone Soup version 0.30-a0-169-g06f667207d (webtiles) character file.

Game seed: 13803463268345397384

14606 qw the Cleaver (level 12, -2/76 HPs)
             Began as a Gargoyle Fighter on Sept 30, 2022.
             Was an Elder of Okawaru.
             Slain by a death yak (15 damage)
             ... on level 1 of the Lair of Beasts.
             The game lasted 00:03:17 (9760 turns).

qw the Cleaver (Gargoyle Fighter)                   Turns: 9760, Time: 00:03:18

Health: -2/76      AC: 25    Str: 29    XL:     12   Next: 18%
Magic:  13/15      EV: 11    Int: 11    God:    Okawaru [****..]
Gold:   479        SH: 19    Dex: 15    Spells: 11/11 levels left

rFire   + . .      SeeInvis +    l - +2 war axe (spect)
rCold   + . .      Faith    .    b - +1 kite shield {rC+ rF+}
rNeg    + . .      Spirit   .    n - +0 plate armour
rPois   inf        Reflect  +    (helmet restricted)
rElec   +          Harm     .    (no cloak)
rCorr   .          Rampage  .    s - +0 pair of gloves
Will    .....                    (no boots)
Stlth   ..........               t - amulet of reflection
HPRegen 0.22/turn                g - +6 ring of dexterity
MPRegen 0.14/turn                k - +6 ring of strength

@: about to teleport, heroic
A: sickness immunity, AC +8, negative energy resistance 1, electricity
resistance, torment resistance 1, petrification resistance, horns 1, see
invisible
a: Renounce Religion, Heroism, Finesse


You were on level 1 of the Lair of Beasts.
You worshipped Okawaru.
Okawaru was greatly pleased with you.
You visited 3 branches of the dungeon, and saw 12 of its levels.

You collected 479 gold pieces.


Innate Abilities, Weirdness & Mutations

You are immune to sickness and miasma.
Your stone body is resilient. (AC +8)
You are immune to poison.
You resist negative energy. (rN+)
You are resistant to electric shocks. (rElec)
You are resistant to unholy torment.
You are immune to petrification.
You have a pair of small horns on your head.
You have supernaturally acute eyesight. (SInv)


   Skills:
 - Level 9.0(14.0) Fighting
 + Level 11.7(16.7) Axes
 - Level 4.6(9.6) Throwing
 - Level 7.0(12.0) Armour
 - Level 3.0(8.0) Dodging
 - Level 10.0(15.0) Shields
 + Level 4.5 Invocations


You had 11 spell levels left.
You didn't know any spells.
Your spell library was empty.

Inventory:

Hand Weapons
 j - a +0 flail
 l - a +2 spectral war axe (weapon)
Missiles
 u - a javelin (quivered)
Armour
 b - a +1 kite shield of resistance (worn)
 n - a +0 plate armour (worn)
 s - a +0 pair of gloves (worn)
Jewellery
 e - a ring of ice
 g - a +6 ring of dexterity (left hand)
 k - a +6 ring of strength (right hand)
 t - an amulet of reflection (around neck)
Scrolls
 i - 9 scrolls of identify
Potions
 a - 4 potions of mutation
 d - a potion of might
 f - 3 potions of curing
 h - a potion of resistance
 o - 3 potions of attraction
 p - a potion of lignification
 q - 8 potions of haste

Dungeon Overview and Level Annotations

Branches:
Dungeon (9/15)             Temple (1/1) D:4            Lair (2/5) D:9
  Swamp: Lair:2-3    Shoals: Lair:2-3     Snake: Lair:2-3    Spider: Lair:2-3
    Orc: D:9-12

Altars:
Ashenzari
Cheibriados
Dithmenos
Fedhas
Gozag
Hepliaklqana
Kikubaaqudgha
Makhleb
Nemelex Xobeh
Okawaru
Qazlal
Ru
Sif Muna
Trog
Uskayaw
Vehumet
Wu Jian
Xom
Yredelemnul
Zin
The Shining One

Shops:
D:9 :

Annotations:
Lair:2 Amaemon


Message History

You hit the death yak but do no damage.
The death yak is moderately wounded.
You barely miss the death yak. You barely miss the komodo dragon.
You hit the death yak. You barely miss the death yak.
You feel like a meek peon again. You block the komodo dragon's attack.
The death yak gores you but does no damage.
You block the death yak's attack. The death yak gores you.
The death yak gores you but does no damage.
9756 ||| INVOKING Heroism.
You gain the combat prowess of a mighty hero.
You block the komodo dragon's attack.
The death yak gores you but does no damage.
The death yak completely misses you. The death yak gores you.
The death yak gores you but does no damage.
You completely miss the death yak. You headbutt the death yak!
The death yak is moderately wounded.
You slash the death yak! x3
You hit the komodo dragon but do no damage.
You hit the death yak but do no damage.
The death yak is moderately wounded.
You hit the death yak. You slash the death yak!
You hit the komodo dragon but do no damage.
You barely miss the death yak. You block the komodo dragon's attack.
You block the death yak's attack.
The death yak gores you but does no damage.
The death yak barely misses you.
The death yak gores you but does no damage.
You slash the death yak! You headbutt the death yak.
The death yak is heavily wounded.
You barely miss the death yak. You barely miss the komodo dragon.
You hit the death yak. You hit the death yak but do no damage.
The komodo dragon bites you but does no damage.
You block the death yak's attack. The death yak gores you!
You block the death yak's attack. The death yak gores you!
9760 ||| READING scroll of teleportation.
As you read the scroll of teleportation, it crumbles to dust.
You feel strangely unstable. You block the komodo dragon's attack.
The death yak gores you!
You die...

.# #....##P...........##.......#.
.# #....'.......##....#####'.#.#.
.###.....##########...#P###%####.
..#P....## ##### ##..............
........####.#.###...............
.................................
................S........(.......
......[........YYY...............
...............Y@l...............
.........#.###+###...............
........#.........#....##..####..
........#.........#....###.# #...
........#...............##+####..
..................#....###...##..
........#.................".###..
........#.........#....###.......
..................#.....#######..


You could see 4 death yaks, a komodo dragon and a water moccasin.

Vanquished Creatures
  Gastronok (D:9)
  A two-headed ogre (D:8)
  4 death yaks (Lair:1)
  An oklob plant (Lair:1)
  A cane toad (Lair:1)
  2 komodo dragons
  A hornet (D:8)
  Prince Ribbit (D:9)
  4 blink frogs (Lair:1)
  A wraith (D:8)
  20 yaks
  Eustachio (D:5)
  A wyvern (D:9)
  A steam dragon (D:6)
  A basilisk (Lair:1)
  An acid dragon (D:9)
  13 water moccasins
  5 orc warriors
  A sky beast (D:7)
  2 ice beasts (D:7)
  2 black bears
  2 ogres
  A phantom (D:5)
  2 necrophages
  9 bullfrogs
  Blork the orc (D:5)
  4 scorpions
  4 wights (D:8)
  A howler monkey (D:9)
  8 jellies
  2 hounds (D:7)
  A gnoll bouda (D:6)
  9 orc priests
  2 iguanas
  5 orc wizards
  3 gnolls (D:3)
  5 adders
  A shadow imp (D:8)
  A white imp (D:6)
  An ufetubus (D:6)
  A worm (D:2)
  18 orcs
  17 endoplasms
  5 giant cockroaches
  12 goblins
  10 hobgoblins
  2 jackals (D:1)
  9 kobolds
  2 quokkas
  4 ball pythons
  4 bats
  3 frilled lizards
  7 rats
221 creatures vanquished.

Vanquished Creatures (others)
  57 fungi
  46 plants
103 creatures vanquished.

Grand Total: 324 creatures vanquished

Notes
Turn   | Place    | Note
-------+----------+-------------------------------------------
     0 | D:1      | qw the Gargoyle Fighter began the quest for the Orb.
     0 | D:1      | Reached XP level 1. HP: 14/14 MP: 1/1
     0 | D:1      | 0 ||| qw: Version: 0.2-a-12-gaebbb33
     0 | D:1      | 0 ||| qw: Game counter: 1383
     0 | D:1      | 0 ||| qw: Always use a shield: true
     0 | D:1      | 0 ||| qw: God list: Okawaru
     0 | D:1      | 0 ||| qw: Allow faded altars: false
     0 | D:1      | 0 ||| qw: Do Orc after D:15 true
     0 | D:1      | 0 ||| qw: Do second Lair branch before Depths: true
     0 | D:1      | 0 ||| qw: Lair rune preference: random
     0 | D:1      | 0 ||| qw: Plans: Normal, Zot:1-4, God:TSO, Crypt, Tomb,
                  | Pan, Slime:5, Hells, Abyss, Orb
     0 | D:1      | 0 ||| PLANNING D:1-11
    31 | D:1      | 31 ||| Stepping ~*~*~tactically~*~*~ (stealth).
    33 | D:1      | 33 ||| Stepping ~*~*~tactically~*~*~ (stealth).
    39 | D:1      | Reached skill level 2 in Axes
   245 | D:1      | Reached XP level 2. HP: 19/19 MP: 2/2
   339 | D:1      | 339 ||| Stepping ~*~*~tactically~*~*~ (stealth).
   625 | D:1      | Reached skill level 3 in Axes
   689 | D:1      | Reached XP level 3. HP: 23/23 MP: 3/3
   699 | D:1      | 699 ||| Stepping ~*~*~tactically~*~*~ (stealth).
   967 | D:1      | 967 ||| DROPPING orb of mayhem.
   968 | D:1      | 968 ||| UPGRADING to +0 chain mail.
   978 | D:1      | 978 ||| DROPPING +0 scale mail.
   979 | D:1      | 979 ||| READING scroll labelled MOTZIA KIEV.
   980 | D:1      | 980 ||| READING scroll labelled KILOEGENAE.
   981 | D:1      | 981 ||| READING scroll labelled ANTUNA LUHUNI.
   982 | D:1      | 982 ||| READING scroll labelled ORPHIZ MYTOUGOA.
   983 | D:1      | 983 ||| READING scroll labelled ARHEPO ZAOVA.
   984 | D:1      | 984 ||| READING scroll labelled QUAVIE ZALUU.
  1004 | D:2      | 1004 ||| STAIRDANCE
  1040 | D:2      | 1040 ||| STAIRDANCE
  1733 | D:2      | 1733 ||| Stepping ~*~*~tactically~*~*~ (stealth).
  1810 | D:2      | 1810 ||| DROPPING +0 club.
  1811 | D:2      | 1811 ||| UPGRADING to +6 ring of dexterity.
  1812 | D:2      | 1812 ||| UPGRADING to +6 ring of strength.
  1813 | D:2      | 1813 ||| READING scroll labelled PIUDUN MYUME.
  1814 | D:2      | 1814 ||| READING scroll labelled BOTASMUALE.
  1814 | D:2      | Identified a scroll of acquirement
  1814 | D:2      | 1814 ||| ACQUIRING +1 kite shield of resistance
  1814 | D:2      | Acquired a +1 kite shield of resistance
  1816 | D:2      | 1816 ||| UPGRADING to +1 kite shield of resistance.
  1826 | D:2      | 1826 ||| DROPPING +0 buckler.
  1827 | D:2      | 1827 ||| DRINKING 2 murky orange potions.
  1828 | D:2      | 1828 ||| DRINKING 4 metallic coppery potions.
  1838 | D:3      | 1838 ||| STAIRDANCE
  1842 | D:2      | Reached XP level 4. HP: 28/28 MP: 4/4
  1844 | D:3      | 1844 ||| STAIRDANCE
  1847 | D:3      | 1847 ||| STAIRDANCE
  1937 | D:3      | HP: 6/28 [gnoll/+0 spear (2)]
  1939 | D:3      | HP: 1/28 [gnoll/+0 spear (5)]
  1943 | D:3      | Reached skill level 4 in Axes
  2262 | D:3      | 2262 ||| Stepping ~*~*~tactically~*~*~ (stealth).
  2266 | D:3      | 2266 ||| Stepping ~*~*~tactically~*~*~ (stealth).
  2267 | D:3      | 2267 ||| Stepping ~*~*~tactically~*~*~ (stealth).
  2272 | D:3      | Reached XP level 5. HP: 32/32 MP: 5/5
  2397 | D:3      | 2397 ||| Stepping ~*~*~tactically~*~*~ (stealth).
  2399 | D:3      | 2399 ||| Stepping ~*~*~tactically~*~*~ (hiding).
  2669 | D:3      | 2669 ||| DROPPING ring of wizardry.
  2670 | D:3      | 2670 ||| DRINKING 2 fizzy white potions.
  2704 | D:4      | 2704 ||| Stepping ~*~*~tactically~*~*~ (stealth).
  2815 | D:4      | Found a staircase to the Ecumenical Temple.
  2816 | D:4      | 2816 ||| PLANNING TEMPLE
  2816 | D:4      | 2816 ||| READING scroll labelled JAPRIWNUOBB.
  2817 | D:4      | 2817 ||| DRINKING 2 murky black potions.
  2818 | D:4      | 2818 ||| DROPPING potion of flight.
  2826 | Temple   | Entered the Ecumenical Temple
  2881 | Temple   | 2881 ||| PLANNING D:1-11
  3003 | D:4      | 3003 ||| READING scroll of enchant weapon.
  3003 | D:4      | 3003 ||| ENCHANTING +1 war axe of draining.
  3029 | D:4      | Noticed a black bear
  3041 | D:4      | Killed a black bear
  3240 | D:4      | Found a glowing golden altar of the Shining One.
  3242 | D:4      | 3242 ||| Stepping ~*~*~tactically~*~*~ (stealth).
  3242 | D:4      | Noticed an angel
  3244 | D:4      | 3244 ||| Stepping ~*~*~tactically~*~*~ (stealth).
  3326 | D:4      | Found a basalt altar of Yredelemnul.
  3328 | D:4      | Noticed a profane servitor
  3378 | D:4      | Reached XP level 6. HP: 37/37 MP: 6/6
  3732 | D:4      | 3732 ||| READING 2 scrolls labelled TEASUL NIMIDEZEGOU.
  3737 | D:4      | 3737 ||| READING scroll labelled FEGUIRGH LIUCOQ.
  3773 | D:5      | Entered Level 5 of the Dungeon
  3835 | D:5      | 3835 ||| Stepping ~*~*~tactically~*~*~ (stealth).
  3836 | D:5      | 3836 ||| Stepping ~*~*~tactically~*~*~ (stealth).
  3903 | D:5      | Noticed Blork the orc
  3910 | D:5      | Killed Blork the orc
  3911 | D:5      | Reached XP level 7. HP: 41/41 MP: 7/7
  3949 | D:5      | Identified the +3 ring mail of Peek-a-Boo {Int+5 Stlth+}
  4114 | D:5      | Reached skill level 5 in Axes
  4297 | D:5      | Noticed Eustachio
  4309 | D:5      | Killed Eustachio
  4451 | D:5      | 4451 ||| DROPPING +3 ring mail of Peek-a-Boo {Int+5
                  | Stlth+}.
  4452 | D:5      | 4452 ||| DROPPING scarf of invisibility.
  4453 | D:5      | 4453 ||| READING 2 scrolls labelled KASOUN NAOCH.
  4554 | D:5      | 4554 ||| DRINKING 2 viscous purple potions.
  4554 | D:5      | Gained mutation: You have supernaturally acute eyesight.
                  | (SInv) [potion of mutation]
  4554 | D:5      | Gained mutation: You have a pair of small horns on your
                  | head. [potion of mutation]
  4555 | D:5      | 4555 ||| DRINKING 2 coppery potions.
  4556 | D:5      | 4556 ||| DROPPING scroll of silence.
  4592 | D:6      | 4592 ||| STAIRDANCE
  4598 | D:6      | 4598 ||| STAIRDANCE
  4700 | D:6      | Reached XP level 8. HP: 46/48 MP: 8/8
  4710 | D:6      | 4710 ||| Stepping ~*~*~tactically~*~*~ (stealth).
  4711 | D:6      | 4711 ||| Stepping ~*~*~tactically~*~*~ (stealth).
  4730 | D:6      | Reached skill level 6 in Axes
  4741 | D:6      | Reached skill level 6 in Shields
  4922 | D:6      | Found a stormy altar of Qazlal.
  4948 | D:6      | 4948 ||| Stepping ~*~*~tactically~*~*~ (stealth).
  4953 | D:6      | Reached skill level 7 in Axes
  5167 | D:6      | Reached skill level 1 in Throwing
  5239 | D:6      | 5239 ||| DRINKING 2 dark potions.
  5240 | D:6      | 5240 ||| READING 2 scrolls of identify.
  5240 | D:6      | 5240 ||| IDENTIFYING bubbling clear potion
  5241 | D:6      | 5241 ||| DROPPING potion of magic.
  5282 | D:7      | 5282 ||| Stepping ~*~*~tactically~*~*~ (stealth).
  5283 | D:7      | 5283 ||| Stepping ~*~*~tactically~*~*~ (stealth).
  5294 | D:7      | 5294 ||| Stepping ~*~*~tactically~*~*~ (stealth).
  5295 | D:7      | 5295 ||| Stepping ~*~*~tactically~*~*~ (stealth).
  5304 | D:7      | Reached XP level 9. HP: 54/54 MP: 9/9
  5507 | D:7      | Found a sparkling altar of Nemelex Xobeh.
  5508 | D:7      | Found a glowing silver altar of Zin.
  5595 | D:7      | Reached skill level 8 in Axes
  5727 | D:7      | 5727 ||| UPGRADING to +0 pair of gloves.
  5732 | D:7      | 5732 ||| READING scroll labelled WARYGUQOITIGY.
  5733 | D:7      | 5733 ||| READING 4 scrolls of identify.
  5733 | D:7      | 5733 ||| IDENTIFYING purple potion
  5734 | D:7      | 5734 ||| READING 3 scrolls of identify.
  5734 | D:7      | 5734 ||| IDENTIFYING red potion
  5735 | D:7      | 5735 ||| READING 2 scrolls of identify.
  5735 | D:7      | 5735 ||| IDENTIFYING fizzy blue potion
  5736 | D:7      | 5736 ||| DROPPING potion of invisibility.
  5737 | D:7      | 5737 ||| DROPPING potion of brilliance.
  5803 | D:8      | Reached skill level 6 in Fighting
  5815 | D:8      | 5815 ||| READING scroll of acquirement.
  5815 | D:8      | 5815 ||| ACQUIRING ring of ice
  5815 | D:8      | Acquired a ring of ice
  5891 | D:8      | 5891 ||| Stepping ~*~*~tactically~*~*~ (stealth).
  5892 | D:8      | 5892 ||| Stepping ~*~*~tactically~*~*~ (stealth).
  5893 | D:8      | 5893 ||| Stepping ~*~*~tactically~*~*~ (stealth).
  5895 | D:8      | 5895 ||| Stepping ~*~*~tactically~*~*~ (stealth).
  5909 | D:8      | Reached skill level 9 in Axes
  5913 | D:8      | HP: 13/55 [orc warrior/+0 long sword (1)]
  5914 | D:8      | 5914 ||| READING 3 scrolls of teleportation.
  5915 | D:8      | 5915 ||| DRINKING 2 potions of heal wounds.
  6050 | D:8      | 6050 ||| Stepping ~*~*~tactically~*~*~ (hiding).
  6054 | D:8      | Reached XP level 10. HP: 61/61 MP: 10/10
  6156 | D:8      | Found a flagged portal.
  6201 | D:8      | Noticed a two-headed ogre
  6210 | D:8      | HP: 12/63 [two-headed ogre/+0 giant spiked club (6)]
  6211 | D:8      | 6211 ||| READING 2 scrolls of teleportation.
  6212 | D:8      | 6212 ||| DRINKING potion of heal wounds.
  6213 | D:8      | Killed a two-headed ogre
  6214 | D:8      | Reached skill level 9 in Shields
  6511 | D:8      | 6511 ||| Stepping ~*~*~tactically~*~*~ (stealth).
  6730 | D:8      | 6730 ||| Stepping ~*~*~tactically~*~*~ (stealth).
  6732 | D:8      | 6732 ||| Stepping ~*~*~tactically~*~*~ (stealth).
  6784 | D:8      | 6784 ||| UPGRADING to +0 plate armour.
  6794 | D:8      | 6794 ||| DROPPING +0 chain mail.
  6795 | D:8      | 6795 ||| UPGRADING to amulet of reflection.
  6800 | D:8      | 6800 ||| READING scroll labelled LIOTIT KYBAU.
  6801 | D:8      | 6801 ||| DRINKING 2 grey potions.
  6802 | D:8      | 6802 ||| DROPPING potion of degeneration.
  6833 | D:9      | 6833 ||| Stepping ~*~*~tactically~*~*~ (stealth).
  6835 | D:9      | 6835 ||| Stepping ~*~*~tactically~*~*~ (stealth).
  6851 | D:9      | 6851 ||| DROPPING +0 mace.
  6861 | D:9      | 6861 ||| Stepping ~*~*~tactically~*~*~ (stealth).
  6863 | D:9      | 6863 ||| Stepping ~*~*~tactically~*~*~ (stealth).
  6875 | D:9      | Identified the +1 robe of the Valley {Int+3 Dex+2}
  6891 | D:9      | Found Vuomid's Book Shop.
  6944 | D:9      | Noticed Prince Ribbit
  6962 | D:9      | Killed Prince Ribbit
  6966 | D:9      | 6966 ||| FLEEEEING.
  6967 | D:9      | 6967 ||| FLEEEEING.
  6968 | D:9      | 6968 ||| FLEEEEING.
  6970 | D:9      | 6970 ||| FLEEEEING.
  6971 | D:9      | 6971 ||| FLEEEEING.
  6972 | D:9      | 6972 ||| FLEEEEING.
  6973 | D:9      | 6973 ||| FLEEEEING.
  6974 | D:9      | 6974 ||| FLEEEEING.
  6975 | D:9      | 6975 ||| FLEEEEING.
  7197 | D:9      | 7197 ||| Stepping ~*~*~tactically~*~*~ (stealth).
  7202 | D:9      | 7202 ||| Stepping ~*~*~tactically~*~*~ (stealth).
  7203 | D:9      | 7203 ||| Stepping ~*~*~tactically~*~*~ (stealth).
  7210 | D:9      | Reached skill level 10 in Axes
  7216 | D:9      | Reached skill level 6 in Armour
  7361 | D:9      | 7361 ||| Stepping ~*~*~tactically~*~*~ (stealth).
  7387 | D:9      | Found a staircase to the Lair.
  7420 | D:9      | Noticed Gastronok
  7421 | D:9      | 7421 ||| Stepping ~*~*~tactically~*~*~ (hiding).
  7442 | D:9      | HP: 15/64 [Gastronok (5)]
  7443 | D:9      | 7443 ||| READING scroll of teleportation.
  7612 | D:9      | HP: 15/64 [Gastronok (22)]
  7614 | D:9      | Killed Gastronok
  7615 | D:9      | Reached XP level 11. HP: 16/68 MP: 11/11
  8256 | D:9      | Found an iron altar of Okawaru.
  8257 | D:9      | 8257 ||| PLANNING OKAWARU WORSHIP
  8260 | D:9      | Became a worshipper of Warmaster Okawaru
  8261 | D:9      | 8261 ||| PLANNING D:1-11
  8270 | D:9      | Found a snail-covered altar of Cheibriados.
  8414 | D:9      | 8414 ||| PLANNING LAIR
  8441 | Lair:1   | Entered Level 1 of the Lair of Beasts
  8633 | Lair:1   | Noticed a death yak
  8638 | Lair:1   | Noticed a death yak
  8639 | Lair:1   | 8639 ||| Stepping ~*~*~tactically~*~*~ (stealth).
  8645 | Lair:1   | Killed a death yak
  8645 | Lair:1   | Reached * piety under Okawaru
  8646 | Lair:1   | Reached skill level 11 in Axes
  8662 | Lair:1   | Noticed a death yak
  8663 | Lair:1   | 8663 ||| Stepping ~*~*~tactically~*~*~ (stealth).
  8665 | Lair:1   | 8665 ||| INVOKING Heroism.
  8675 | Lair:1   | Killed a death yak
  8678 | Lair:1   | 8678 ||| INVOKING Heroism.
  8679 | Lair:1   | Killed a death yak
  8679 | Lair:1   | Reached ** piety under Okawaru
  8846 | Lair:1   | Reached skill level 3 in Invocations
  8887 | Lair:1   | 8887 ||| Stepping ~*~*~tactically~*~*~ (stealth).
  8891 | Lair:1   | 8891 ||| INVOKING Heroism.
  8910 | Lair:1   | 8910 ||| INVOKING Heroism.
  8927 | Lair:1   | 8927 ||| READING scroll of brand weapon.
  8927 | Lair:1   | 8927 ||| BRANDING +2 war axe of draining.
  8967 | Lair:1   | 8967 ||| Stepping ~*~*~tactically~*~*~ (stealth).
  8969 | Lair:1   | 8969 ||| Stepping ~*~*~tactically~*~*~ (stealth).
  8971 | Lair:1   | 8971 ||| Stepping ~*~*~tactically~*~*~ (stealth).
  8973 | Lair:1   | 8973 ||| Stepping ~*~*~tactically~*~*~ (stealth).
  8981 | Lair:1   | 8981 ||| Stepping ~*~*~tactically~*~*~ (stealth).
  8983 | Lair:1   | 8983 ||| INVOKING Heroism.
  8989 | Lair:1   | Reached *** piety under Okawaru
  9034 | Lair:1   | 9034 ||| Stepping ~*~*~tactically~*~*~ (stealth).
  9036 | Lair:1   | 9036 ||| Stepping ~*~*~tactically~*~*~ (stealth).
  9038 | Lair:1   | 9038 ||| INVOKING Heroism.
  9048 | Lair:1   | Reached skill level 9 in Fighting
  9053 | Lair:1   | Reached skill level 3 in Dodging
  9054 | Lair:1   | Reached XP level 12. HP: 60/76 MP: 13/15
  9283 | Lair:1   | 9283 ||| INVOKING Heroism.
  9550 | Lair:1   | Reached **** piety under Okawaru
  9717 | Lair:1   | 9717 ||| DROPPING amulet of regeneration.
  9718 | Lair:1   | 9718 ||| DROPPING amulet of faith.
  9719 | Lair:1   | 9719 ||| READING scroll labelled MOGEKK QATSOQ.
  9731 | Lair:2   | Noticed a death yak
  9731 | Lair:2   | Noticed a death yak
  9731 | Lair:2   | Noticed a death yak
  9731 | Lair:2   | Noticed a death yak
  9731 | Lair:2   | Noticed a death yak
  9732 | Lair:2   | 9732 ||| STAIRDANCE
  9734 | Lair:1   | 9734 ||| INVOKING Heroism.
  9740 | Lair:1   | Killed a death yak
  9752 | Lair:2   | 9752 ||| STAIRDANCE
  9752 | Lair:2   | Noticed Amaemon
  9756 | Lair:1   | 9756 ||| INVOKING Heroism.
  9759 | Lair:1   | HP: 13/76 [death yak (11)]
  9760 | Lair:1   | 9760 ||| READING scroll of teleportation.
  9760 | Lair:1   | Slain by a death yak

Levels and vault maps discovered:
D:1:      zelgadis_glass_arrival_small, layout_loops_ring
D:2:      wander_river, layout_rooms
D:3:      layout_rooms
D:4:      layout_basic, grunt_temple_overflow_holy_war, temple_green
D:5:      layout_cave_pools, uniq_eustachio, uniq_blork_the_orc
D:6:      layout_rooms, lemuel_round_altar, grunt_decor_resistance,
          kennysheep_generic_room_12
D:7:      layout_gridville, mainiacjoe_overflow_divided_tiny, chequers_arboretum
D:8:      layout_basic, enter_bailey_2
D:9:      layout_basic, mainiacjoe_overflow_big_doors,
          due_lair_maze_entry_diamond, serial_shops, kennysheep_mini_moat,
          serial_glass, glass_columns_b, glass_columns_b, chequers_garden,
          uniq_gastronok, uniq_prince_ribbit1
Temple:   eino_temple_lava
Lair:1:   lemuel_slime, layout_regular_city
Lair:2:   nzn_winding_woodlands_huge [nzn_winding_woodlands_5x15_eye,
          nzn_winding_woodlands_5x15_lazy_stream,
          nzn_winding_woodlands_5x15_parted, nzn_winding_woodlands_5x15_default,
          nzn_winding_woodlands_5x15_pathside_ponds,
          nzn_winding_woodlands_5x15_sawtooth,
          nzn_winding_woodlands_5x15_longhouse,
          nzn_winding_woodlands_5x15_cabin,
          nzn_winding_woodlands_5x15_river_crossing,
          nzn_winding_woodlands_5x15_jagged,
          nzn_winding_woodlands_center_garden,
          nzn_winding_woodlands_center_lodge,
          nzn_winding_woodlands_15x15_boxy_spiral], layout_chaotic_city,
          swamp_mist, uniq_amaemon

Skill      XL: |  1  2  3  4  5  6  7  8  9 10 11 |
---------------+----------------------------------+-----
Axes           | 2 3 4 5 7 9 10 11 | 11.7
Shields        | 4 5 7 8 9 10 | 10.0
Dodging        | 2 3 |  3.0
Fighting       | 4 5 6 8 9 |  9.0
Throwing       | 1 2 4 |  4.6
Armour         | 4 6 7 |  7.0
Invocations    | 4 |  4.5

Action                   |  1- 3 |  4- 6 |  7- 9 | 10-12 || total
-------------------------+-------+-------+-------+-------++-------
Melee: War axe           |    91 |    88 |   143 |   278 ||   600
       Headbutt          |       |       |    24 |    59 ||    83
Throw: Boomerang         |    33 |    22 |    10 |    28 ||    93
       Javelin           |       |       |    17 |    13 ||    30
Invok: Heroism           |       |       |       |     9 ||     9
  Use: Scroll            |     8 |     4 |     8 |     6 ||    26
       Potion            |     2 |     2 |     4 |     2 ||    10
 Stab: Distracted        |       |       |       |     3 ||     3
Armor: Scale mail        |    18 |       |       |       ||    18
       Chain mail        |    20 |    48 |    68 |    13 ||   149
       Plate armour      |       |       |       |    60 ||    60
Dodge: Dodged            |    36 |    24 |    45 |    43 ||   148
Block: Buckler           |    18 |       |       |       ||    18
       Kite shield       |     2 |    67 |    95 |   199 ||   363
       Reflection        |       |       |       |     4 ||     4

Table legend:
 A = Non-vault XP
 B = Vault XP
 C = Vault XP percentage of total XP
 D = Non-vault monster count
 E = Vault monster count
 F = Vault count percentage of total count
                 A         B        C        D         E       F
            +---------+---------+-------+---------+---------+-------
      Total |   16198 |    4668 |  22.4 |     185 |      36 |  16.3
            +---------+---------+-------+---------+---------+-------
        D:1 |      49 |       0 |   0.0 |      22 |       0 |   0.0
        D:2 |      47 |       0 |   0.0 |      20 |       0 |   0.0
        D:3 |      82 |       0 |   0.0 |      19 |       0 |   0.0
        D:4 |     232 |       0 |   0.0 |      11 |       0 |   0.0
        D:5 |     479 |     298 |  38.4 |      10 |       2 |  16.7
        D:6 |     774 |      41 |   5.0 |      14 |       1 |   6.7
        D:7 |    1087 |       0 |   0.0 |      10 |       0 |   0.0
        D:8 |    3421 |       0 |   0.0 |      24 |       0 |   0.0
        D:9 |    1306 |    3451 |  72.5 |      24 |      14 |  36.8
     Lair:1 |    8721 |     878 |   9.1 |      31 |      19 |  38.0
            +---------+---------+-------+---------+---------+-------
